 Dungeon Crawl Stone Soup version 0.31-a0-1308-ga3cce3a448 (webtiles) character file.

Game seed: 17026630516858457736

8707 LeprechaunX the Mimic (level 11, -2/73 (74) HPs)
             Began as an Octopode Shapeshifter on Dec 19, 2023.
             Was a Follower of Ashenzari.
             Slain by an orc warrior
             ... wielding a +0 halberd
              (10 damage)
             ... while paralysed by a hornet
             ... on level 9 of the Dungeon.
             The game lasted 00:26:37 (8499 turns).

LeprechaunX the Mimic (Octopode Shapeshifter)       Turns: 8499, Time: 00:26:37

HP:   -2/73 (74)    AC:  4    Str: 16    XL:     11   Next: 35%
MP:   19/30         EV:  2    Int: 23    God:    Ashenzari [*.....]
Gold: 490           SH:  0    Dex: 14    Spells: 9/22 levels left

rFire   . .          .
                       - Unarmed
rCold   . . .        (no shield)
rNeg    + . .        G - +3 hat of Pondering {ponderous, Will+ MP+10 Int+5, Bglg, Range} (curse)
rPois   .            s - amulet of regeneration
rElec   .            F - ring "Shame of the Bound Seer" {rCorr, Self, Dev} (curse)
rCorr   +            J - ring of positive energy
SInv    .            M - +6 ring of intelligence
Will    +....        (no ring)
Stlth   ++           (no ring)
HPRegen 1.12/turn    (no ring)
MPRegen 0.22/turn    (no ring)
                     (no ring)

%: no passive effects
@: paralysed, lethally poisoned (-2 -> -5), maw-form, very slightly
contaminated, slowed, studying Unarmed Combat, lightly drained, slow
A: devouring maw, reduced hp, almost no armour, amphibious, 8 rings, camouflage
1, gelatinous body 1, (nimble swimmer 1), tentacles
a: Begin Untransformation, Renounce Religion, Shatter the Chains


You were on level 9 of the Dungeon.
You worshipped Ashenzari.
Ashenzari was aware of your devotion.
You were a creature with a mouth for a stomach.
You visited 2 branches of the dungeon, and saw 10 of its levels.
You also visited: Sewer and Ossuary.

You collected 518 gold pieces.
You spent 28 gold pieces at shops.

Inventory:

Hand Weapons
 a - a +0 shortbow
Missiles
 A - 4 silver javelins
 C - 4 boomerangs (quivered)
Armour
 G - the cursed +3 hat of Pondering (worn) {ponderous, Will+ MP+10 Int+5, Bglg, Range}
   (You took it off Gastronok on level 8 of the Dungeon)

   Int+5:     It affects your intelligence (+5).
   Will+:     It increases your willpower.
   MP+10:     It affects your magic capacity (+10).
   It has a curse which improves the following skills: Beguiling: Conjurations,
   Hexes and Translocations.
   Ranged Combat: Ranged Weapons and Throwing.
 N - a +0 buckler
Jewellery
 e - a ring of fire
 s - an amulet of regeneration (around mantle)
 D - an amulet of reflection
 F - the cursed ring "Shame of the Bound Seer" (left tentacle) {rCorr, Self, Dev}
   (You found it on level 5 of the Dungeon)

   [ring of resist corrosion]

   rCorr:     It protects you from acid and corrosion.
   It has a curse which improves the following skills: Introspection: Fighting
   and Spellcasting.
   Devices:   Evocations and Shapeshifting.
 H - an amulet of guardian spirit
 J - a ring of positive energy (right tentacle)
 M - a +6 ring of intelligence (on tentacle)
Talismans
 b - a beast talisman
 c - a flux talisman
 K - a maw talisman (active)
 L - a dragon-blood talisman
Wands
 k - a wand of mindburst (11)
Scrolls
 d - 4 scrolls of noise
 g - 2 scrolls of blinking
 h - 2 scrolls of revelation
 l - 3 scrolls of teleportation
 m - a scroll of enchant armour
 o - 3 scrolls of fog
 q - 3 scrolls of fear
 t - a scroll of torment
 u - a scroll of immolation
 w - 2 scrolls of poison
 y - a scroll of summoning
 E - a scroll of brand weapon
 I - a scroll of vulnerability
Potions
 f - 2 potions of heal wounds
 i - 2 potions of enlightenment
 j - 5 potions of mutation
 n - 5 potions of curing
 p - 4 potions of haste
 r - 3 potions of brilliance
 v - 2 potions of invisibility
 x - a potion of resistance
 z - a potion of might
 B - a potion of berserk rage


   Skills:
 - Level 6.6(7.4) Fighting
 - Level 3.0(3.6) Throwing
 - Level 2.0 Dodging
 - Level 7.4 Unarmed Combat
 - Level 5.6(6.4) Spellcasting
 - Level 4.2(5.0) Translocations
 + Level 4.8 Air Magic
 - Level 6.3(7.1) Evocations
 - Level 9.1(9.9) Shapeshifting


You had 9 spell levels left.
You knew the following spells:

 Your Spells              Type           Power      Damage    Failure   Level
a - Gell's Gravitas       Tloc           30%        N/A       3%          3
b - Vhi's Electric Charg  Tloc/Air       60%        N/A       11%         4
c - Blink                 Tloc           60%        N/A       1%          2
d - Manifold Assault      Tloc           30%        N/A       11%         4

Your spell library contained the following spells:

 Spells                   Type           Power      Damage    Failure   Level
 Lesser Beckoning         Tloc           60%        N/A       1%          2
 Shock                    Conj/Air       72%        1d7       3%          1
 Swiftness                Air            29%        N/A       3%          3
 Teleport Other           Tloc           30%        N/A       3%          3
 Poisonous Vapours        Pois/Air       36%        N/A       4%          2
 Airstrike                Air            14%        2d(3-19)  11%         4
 Hailstorm                Conj/Ice       7%         3d5       24%         3
 Arcjolt                  Conj/Air       9%         1d19      63%         5
 Plasma Beam              Fire/Air       9%         2x1d19    99%         6
 Orb of Destruction       Conj           3%         9d5       100%        7
 Maxwell's Capacitive Co  Air            14%        ∞         100%        8


Dungeon Overview and Level Annotations

Branches:
Dungeon (9/15)             Temple (1/1) D:5             Orc (0/2) D:9
  Sewer (visited)         Ossuary (visited)
   Lair: D:8-11

Altars:
Ashenzari
Cheibriados
Dithmenos
Elyvilon
Hepliaklqana
Kikubaaqudgha
Makhleb
Nemelex Xobeh
Okawaru
Qazlal
Ru
Uskayaw
Vehumet
Wu Jian
Xom
Yredelemnul
Zin
The Shining One

Shops:
D:3 [   D:5 ?   D:8 [

Annotations:
D:5 1 runed translucent door, Crazy Yiuf


Innate Abilities, Weirdness & Mutations

You are a creature with a mouth for a stomach.
Your midsection houses a second, enormous mouth.
Your maximum health is decreased, since you lack skill for your form.
You cannot wear most types of armour.
You are amphibious.
You can wear up to eight rings at the same time.
Your skin changes colour to match your surroundings (Stealth+).
Your rubbery body absorbs attacks. (AC +1, EV +1)
((You are camouflaged when in or above water. (Stealth+)))
You have tentacles for arms and can constrict up to eight enemies at once.


Message History

Confirm with . or Enter, or press ? or * to list all spells.
Charge where?
Press: ? - help, Dir - move target, f - troll
Aim: a troll (83% to hit)
You charge forward with an electric crackle!
You bludgeon the troll and electrocute it!
You squeeze the troll! You bite the troll!
You devour half of the troll!
You feel better.
You kill the troll!
The hornet barely misses you.
The orc warrior hits you from afar with a +0 halberd!
You tentacle-slap the hornet. Your grab misses the hornet.
You tentacle-slap the hornet, but do no damage.
You squeeze the hornet, but do no damage.
You bite the hornet, but do no damage.
The hornet is lightly wounded.
The hornet closely misses you.
The orc warrior hits you from afar with a +0 halberd!
You tentacle-slap the hornet. You grab the hornet.
You squeeze the hornet, but do no damage.
Your bite misses the hornet.
The hornet is moderately wounded.
You constrict the hornet, but do no damage.
The hornet stings you!
You feel yourself slow down. The orc warrior misses you.
Unknown command.
You closely miss the hornet.
You squeeze the hornet, but do no damage.
You bite the hornet, but do no damage.
The hornet is moderately wounded.
You constrict the hornet. The hornet barely misses you. The hornet stings you!
You are poisoned.
You suddenly lose the ability to move!
You lose your grip on the hornet.
The orc warrior hits you from afar with a +0 halberd!
* * * LOW HITPOINT WARNING * * *
You feel very sick. The hornet stings you.
* * * LOW HITPOINT WARNING * * *
You feel as though you will be slow longer.
The orc warrior hits you from afar with a +0 halberd!
You die...

......##..#####.....#####.
......##.##.. ##...##..
......##.#.?...#####c.... .##.
.........#.... ).... #.##.
......##.#.... #####.... #.# .##
......#..##...##...##... #.# ..#
..........##.##.....##.# #.# #.#
......##...#)#.......#.###.# #.#
......###..#)))yW:o..#.'...###.##
#####.###..#)#.......#.#....##..#
### #.##..##.##.....##.##........
...##.##.##...##...##...##.####..
#..#.##.#.....#####)....#.####.#
##......#.....)....).)).#...##.#
#.......#.....#####.....#...##.#
.>.##.#..##)..#######...##...##.#
. ##.).#######...#######........


You could see a hornet and an orc warrior.

Vanquished Creatures
  Gastronok (D:8)
  Pikel (D:6)
  The ghost of ShellytheWitch the Slicer, a novice KoBr of Dithmenos (D:7)
  A cyclops (D:8)
  A troll (D:9)
  2 wyverns
  5 yaks (D:9)
  Edmund (D:6)
  4 water moccasins
  2 black bears
  2 orc warriors
  An ogre (D:5)
  3 centaurs
  A lemure (D:6)
  2 phantoms
  The ghost of Bediveer the Shooter, an amateur DEHu (D:4)
  2 kobold brigands
  2 brain worms (Sewer)
  6 bullfrogs
  3 gnoll sergeants (D:9)
  3 scorpions
  An elf skeleton (D:5)
  14 wights
  6 killer bees
  4 howler monkeys
  An electric eel (D:8)
  2 spectral centaurs (D:7)
  A gnoll bouda (D:6)
  3 human zombies (D:5)
  A sleepcap (D:7)
  8 hounds
  2 jellies
  5 orc priests
  A human skeleton (D:5)
  3 iguanas
  4 orc wizards
  Natasha (twice) (D:4)
  A crocodile zombie (Ossuary)
  12 mummies (Ossuary)
  7 gnolls
  7 adders
  2 river rats (Sewer)
  A howler monkey simulacrum (D:7)
  4 ufetubi (D:7)
  3 worms
  A dart slug (D:1)
  26 orcs
  7 endoplasms
  8 giant cockroaches
  3 gnoll skeletons (Ossuary)
  6 goblins
  5 hobgoblins
  6 jackals
  A quokka (D:5)
  12 ball pythons
  4 bats
  7 frilled lizards
  14 kobolds
  2 kobold skeletons (Ossuary)
  4 orc skeletons
  14 rats
  10 spectral rats (Ossuary)
270 creatures vanquished.

Vanquished Creatures (others)
  2 orcs (D:8)
2 creatures vanquished.

Grand Total: 272 creatures vanquished

Notes
Turn   | Place    | Note
-------+----------+-------------------------------------------
     0 | D:1      | LeprechaunX the Octopode Shapeshifter began the quest for
                  | the Orb.
     0 | D:1      | Reached XP level 1. HP: 13/13 MP: 1/1
   363 | D:1      | Reached XP level 2. HP: 18/18 MP: 2/2
   991 | D:2      | Reached XP level 3. HP: 18/23 MP: 3/3
  1438 | D:2      | Found a faded altar of an unknown god.
  1743 | D:3      | Reached XP level 4. HP: 29/29 MP: 5/5
  1762 | D:3      | Found Bolull's Armour Shoppe.
  1784 | D:3      | Reached skill level 1 in Spellcasting
  1872 | D:3      | Found a radiant altar of Vehumet.
  1920 | D:3      | Reached skill level 4 in Shapeshifting
  2221 | D:3      | You fall into a shaft and drop 3 floors!
  2223 | D:6      | Noticed a bullfrog
  2227 | D:6      | Killed a bullfrog
  2228 | D:6      | Reached XP level 5. HP: 31/35 MP: 5/7
  2249 | D:5      | Entered Level 5 of the Dungeon
  2310 | D:5      | Found a glowing drain.
  2319 | Sewer    | Entered a sewer
  2441 | Sewer    | Reached XP level 6. HP: 35/41 MP: 8/8
  2555 | Sewer    | Reached skill level 1 in Evocations
  2776 | D:5      | Found a shimmering altar of Xom.
  2788 | D:5      | Found a staircase to the Ecumenical Temple.
  2810 | D:5      | Reached skill level 5 in Shapeshifting
  2810 | D:5      | Reached XP level 7. HP: 34/46 MP: 10/10
  2939 | D:5      | Found a sand-covered staircase.
  2947 | Ossuary  | Entered an ossuary
  3451 | Temple   | Entered the Ecumenical Temple
  3523 | D:5      | Reached XP level 8. HP: 34/54 MP: 12/12
  3555 | D:5      | Got Fodakig's Codex of Force and the Cure
  3635 | D:5      | Reached skill level 6 in Shapeshifting
  3767 | D:4      | Reached skill level 5 in Unarmed Combat
  3842 | D:4      | Found a hide-covered altar of Uskayaw.
  3850 | D:4      | Found a runed translucent door.
  3858 | D:4      | Noticed Bediveer's ghost (amateur DEHu)
  3981 | D:4      | Noticed Natasha
  3987 | D:4      | Killed Natasha
  4600 | D:4      | Noticed Natasha
  4605 | D:4      | Killed Natasha
  4948 | D:4      | Killed Bediveer's ghost
  4988 | D:5      | Found Hytsaese's Magic Scroll Boutique.
  5034 | D:5      | Bought a scroll of identify for 28 gold pieces
  5334 | D:5      | Found a runed translucent door.
  5335 | D:5      | Noticed Crazy Yiuf
  5413 | D:5      | Learned a level 3 spell: Gell's Gravitas
  5418 | D:5      | Learned a level 4 spell: Vhi's Electric Charge
  5500 | D:6      | Reached XP level 9. HP: 59/59 MP: 14/14
  5551 | D:6      | Reached skill level 7 in Shapeshifting
  5556 | D:6      | Reached skill level 1 in Translocations
  5595 | D:6      | Noticed Edmund
  5606 | D:6      | Killed Edmund
  5607 | D:6      | Reached skill level 1 in Throwing
  5675 | D:6      | Found a broken altar of Ashenzari.
  5741 | D:6      | Became a worshipper of Ashenzari the Shackled
  5829 | D:6      | Noticed Pikel
  5839 | D:6      | Killed Pikel
  5840 | D:6      | Reached skill level 5 in Fighting
  6091 | D:7      | Found a runed translucent gate.
  6094 | D:7      | Found a runed translucent gate.
  6095 | D:7      | Found a runed translucent gate.
  6097 | D:7      | Noticed ShellytheWitch's ghost (novice KoBr)
  6152 | D:7      | Identified the +0 chain mail "Igaopie" {MP+9 Str+2}
  6164 | D:7      | Killed ShellytheWitch's ghost
  6165 | D:7      | Reached skill level 5 in Evocations
  6165 | D:7      | Reached XP level 10. HP: 36/66 MP: 15/17
  6258 | D:7      | Reached skill level 8 in Shapeshifting
  6467 | D:7      | Found a sacrificial altar of Ru.
  6846 | D:7      | HP: 3/60 [wight/+0 falchion (2)]
  6848 | D:7      | Reached skill level 5 in Spellcasting
  6963 | D:8      | Found Newa's Armour Emporium.
  7125 | D:8      | Learned a level 2 spell: Blink
  7133 | D:8      | Got the Grimoire of the Marlin
  7255 | D:8      | Noticed Gastronok
  7277 | D:8      | Killed Gastronok
  7285 | D:8      | Learned a level 4 spell: Manifold Assault
  7365 | D:8      | Reached * piety under Ashenzari
  7365 | D:8      | Identified a scroll of acquirement
  7366 | D:8      | Acquired a manual of Unarmed Combat
  7422 | D:8      | Noticed a cyclops
  7437 | D:8      | Killed a cyclops
  7438 | D:8      | Reached XP level 11. HP: 43/75 MP: 20/20
  7636 | D:8      | Reached skill level 9 in Shapeshifting
  8011 | D:9      | Reached skill level 1 in Air Magic
  8223 | D:9      | Found a staircase to the Orcish Mines.
  8276 | D:9      | Found a hazy altar of Hepliaklqana.
  8498 | D:9      | Paralysed by a hornet for 2 turns
  8499 | D:9      | Slain by an orc warrior

Illustrated notes

Levels and vault maps discovered:
D:1:      minmay_arrival_checkered_box, layout_basic
D:2:      layout_basic, hellmonk_ecumenical_altar_crossroads,
          serial_bayou_pond_d, minmay_worlds_worst_comb
D:3:      layout_loops_cross, lemuel_doored_altar, serial_shops,
          nicolae_shop_advertising_works [nicolae_subvault_shop_adworks]
D:4:      layout_basic, nicolae_uskayaw_dance_hall,
          ebering_ghost_reflecting_pool, roderic_lattice_a, uniq_natasha
D:5:      layout_loops_cross, xom_teletrap_fun, minmay_temple_entry_tees,
          nicolae_ossuary_entry_catacombs, portal_sewer_entry_b,
          minmay_misc_feat_doors, nrook_campfire, nicolae_stop_n_shop_2,
          uniq_crazy_yiuf_cottage
D:6:      layout_basic, mainiacjoe_overflow_alcove_2, uniq_edmund, uniq_pikel
D:7:      layout_rooms, kennysheep_mini, gammafunk_ghost_necromancy,
          grunt_decor_fettered
D:8:      layout_cave_pools, minmay_strange_pillars,
          nicolae_concentric_dashed_squares_wild, grunt_decor_clamped,
          minivault_14, hangedman_abyss_or_decor_clamps,
          minmay_shop_grid_forest, minmay_misc_feat_hallway, uniq_gastronok
D:9:      minmay_octagon_keep, layout_rooms,
          nzn_overflow_gifts_of_might_and_magic,
          worldfamousw_hep_ancestral_shrine, gammafunk_ghost_hydra_chop,
          minmay_statue_bubble
Temple:   nicolae_temple_godzebo

Skill      XL: |  1  2  3  4  5  6  7  8  9 10 11 |
---------------+----------------------------------+-----
Spellcasting   | 1 2 3 4 5 |  5.6
Fighting       | 2 3 4 5 6 |  6.6
Shapeshifting  | 4 5 6 7 8 9 |  9.1
Unarmed Combat | 4 5 6 7 |  7.4
Evocations     | 1 2 3 5 6 |  6.3
Translocations | 2 4 |  4.2
Throwing       | 2 3 |  3.0
Air Magic      | 4 |  4.8
Dodging        | |  2.0

Action                     |  1- 3 |  4- 6 |  7- 9 | 10-12 || total
---------------------------+-------+-------+-------+-------++-------
  Melee: Unarmed           |    54 |    83 |   259 |   247 ||   643
         Constrict         |    12 |    19 |    57 |    50 ||   138
         Tentacles         |    10 |    10 |    81 |    64 ||   165
         Punch             |     3 |     3 |    10 |    21 ||    37
         Maw               |       |       |       |    55 ||    55
   Fire: Shortbow          |       |       |       |    11 ||    11
  Throw: Javelin           |       |       |     7 |       ||     7
         Throwing net      |       |       |     1 |     1 ||     2
         Boomerang         |       |       |       |     9 ||     9
   Cast: Gell's Gravitas   |       |       |       |     8 ||     8
         Manifold Assault  |       |       |       |     5 ||     5
         Vhi's Electric Ch |       |       |       |     1 ||     1
 Invoke: Curse Item        |       |       |       |     2 ||     2
    Use: Scroll            |       |       |    12 |     3 ||    15
         Potion            |       |       |     1 |     3 ||     4
   Stab: Sleeping          |     9 |     3 |    21 |     1 ||    34
         Distracted        |       |     1 |     1 |       ||     2
         Held in net/web   |       |       |     1 |     4 ||     5
 Armour: Skin              |    15 |    23 |   118 |   172 ||   328
  Dodge: Dodged            |    29 |    39 |   108 |   193 ||   369
   Form: Maw               |       |       |       |     1 ||     1

Table legend: (Time is in decaauts)
 A = Elapsed time spent in this place.
 B = Non-inter-level travel time spent in this place.
 C = Inter-level travel time spent in this place.
 D = Time resting spent in this place.
 E = Time spent auto-exploring this place.
 F = Levels seen in this place.
 G = Mean time per level.
                   A        B        C        D        E       F      G
               +--------+--------+--------+--------+--------+-----+--------+
         Total |   8507 |   8112 |    395 |    706 |   5272 |  12 |  708.9 |
       Dungeon |   7543 |   7148 |    395 |    634 |   4778 |   9 |  838.1 |
        Temple |     68 |     68 |      0 |      0 |      0 |   1 |   68.0 |
         Sewer |    417 |    417 |      0 |      0 |    252 |   1 |  417.0 |
       Ossuary |    477 |    477 |      0 |     72 |    242 |   1 |  477.0 |
               +--------+--------+--------+--------+--------+-----+--------+

Top non-repeatable levels by time:
     D:4: 1032 daAuts
     D:5: 993 daAuts
     D:1: 958 daAuts
     D:8: 886 daAuts
     D:7: 870 daAuts
     D:2: 772 daAuts
     D:6: 725 daAuts
     D:3: 686 daAuts
     D:9: 617 daAuts
 Ossuary: 477 daAuts
   Sewer: 417 daAuts
  Temple: 68 daAuts
